Map: Habitation Station LE (Void)

Players

wildsheep - Winner!

  • Race: Terran Terran
  • League: Diamond
  • Spawn Location: 11:00

fropez

  • Race: Protoss Protoss
  • League: Gold
  • Spawn Location: 1:00

VOD

Have the link to the VOD?

Description

Time

  • Played on: Dec. 15, 2016, 6:31 p.m.
  • Length: 13:02
Show
View Real Time Build Order
Export as new Build Order

wildsheep Terran - Winner!

Build Orders: Reaper Expand, MMM Bio 

Get SALT Encoding   

  12  0:06  SCV  
  13  0:18  SCV  
  14  0:26  Supply Depot  
  14  0:35  SCV  
  15  0:48  SCV  
  16  0:52  Barracks  
  16  1:00  SCV, Refinery  
  17  1:12  SCV  
  18  1:26  SCV  
  19  1:33  Command Center  
  19  1:44  Orbital Command  
  19  1:50  Reaper  
  20  1:57  Supply Depot  
  20  2:04  Refinery  
  20  2:14  SCV  
  21  2:22  Supply Depot  
  21  2:26  SCV  
  21  2:29  Barracks Reactor  
  22  2:43  SCV, Factory  
  23  2:50  Orbital Command  
  23  2:58  SCV  
  23  3:05  Barracks  
  24  3:08  Marine x2  
  24  3:10  SCV  
  27  3:19  SCV  
  28  3:23  SCV  
  29  3:28  Marine x2  
  29  3:31  SCV  
  32  3:35  SCV  
  32  3:40  Factory Reactor  
  33  3:43  SCV  
  33  3:45  Starport  
  33  3:47  SCV  
  35  3:55  SCV  
  36  4:03  Barracks Tech Lab  
  36  4:04  Marine x2  
  38  4:24  Marine x3  
  38  4:27  SCV  
  42  4:35  Barracks  
  42  4:37  Supply Depot x2  
  42  4:39  Barracks  
  42  4:40  Supply Depot  
  42  4:41  Barracks  
  42  4:42  Engineering Bay  
  42  4:45  SCV x2, Engineering Bay  
  43  4:49  Marine x2  
  43  4:51  Marine  
  46  4:57  SCV x2, Command Center  
  48  5:00  Refinery  
  48  5:02  Refinery  
  48  5:07  Marine x2  
  48  5:09  SCV  
  48  5:13  Terran Infantry Weapons Level 1  
  48  5:14  Terran Infantry Armor Level 1  
  51  5:17  Marauder  
  51  5:18  Factory Tech Lab  
  51  5:20  Stimpack  
  51  5:21  SCV x2  
  55  5:26  Liberator x2  
  55  5:28  Barracks Reactor, Barracks Tech Lab  
  55  5:29  Barracks Reactor  
  55  5:33  SCV x2  
  57  5:39  Siege Tank  
  60  5:46  SCV x2  
  68  5:58  Marine, SCV x2  
  68  5:59  Marine x3  
  72  6:08  Marine x3  
  72  6:10  SCV  
  76  6:13  SCV x2  
  76  6:17  Marauder x2  
  80  6:22  SCV  
  75  6:28  Marine x2  
  75  6:29  Marine x4  
  80  6:38  Marine  
  80  6:39  Marauder  
  81  6:44  Siege Tank  
  81  6:46  Marine x3  
  81  6:47  Marine x3  
  75  7:05  Marine x3  
  75  7:06  Marine x5  
  83  7:13  Orbital Command  
  83  7:16  Siege Tank  
  86  7:23  Marine x4  
  86  7:24  Marine x3  
  86  7:26  Marine  
  89  7:41  Marine x5  
  89  7:42  Marine x2  
  93  7:49  SCV x2  
  93  7:54  Marine  
  94  7:59  Marine x4, Supply Depot  
  94  8:01  Supply Depot  
  94  8:02  SCV x3  
  101  8:21  Marine x3, SCV x2  
  101  8:23  Supply Depot  
  101  8:26  Supply Depot  
  106  8:27  Supply Depot  
  105  8:40  Medivac x2  
  109  8:48  Marine x3  
  109  8:49  Marine x5  
  109  8:55  SCV x2  
  120  8:59  Orbital Command  
  119  9:06  Marine x2  
  119  9:07  SCV x2, Marauder  
  119  9:08  Marauder  
  127  9:10  Medivac x2  
  127  9:12  Combat Shields  
  127  9:16  Armory  
  131  9:25  Missile Turret  
  131  9:27  Missile Turret  
  131  9:30  Missile Turret  
  112  9:33  Missile Turret  
  105  9:43  Marine  
  105  9:44  Marine x7  
  110  9:51  Refinery  
  110  9:53  Refinery  
  110  9:58  SCV x2  
  112  10:01  Marine x2, Refinery  
  112  10:02  Marine x3, Refinery  
  112  10:06  Marine x3  
  117  10:14  Command Center  
  117  10:19  Marine x4  
  117  10:20  Marine  
  103  10:45  Marine x6  
  103  10:46  Marine x2  
  103  10:47  Siege Tank  
  103  10:48  Medivac x2  
  118  11:03  Marine x6  
  124  11:04  Command Center  
  124  11:11  SCV x3  
  126  11:13  Factory  
  126  11:14  Factory  
  127  11:19  Siege Tank  
  127  11:23  SCV  
  131  11:26  Orbital Command  
  130  11:51  Siege Tank  
  113  12:05  Marine  
  113  12:06  Marine x5  
  114  12:21  Marine x2  
  116  12:23  Marine x2  
  116  12:24  Marine x4  
  116  12:25  SCV x4  
  123  12:37  SCV x3  
  123  12:40  Marauder x2  
  123  12:41  Marine x2  
  104  13:01  Missile Turret  
Show
View Real Time Build Order
Export as new Build Order

fropez Protoss 

Build Orders:  

Get SALT Encoding   

  12  0:00  Probe (Chrono Boost)  
  13  0:11  Probe (Chrono Boost)  
  14  0:34  Probe (Chrono Boost)  
  15  0:42  Pylon  
  15  1:01  Probe (Chrono Boost)  
  16  1:32  Nexus  
  16  1:35  Pylon  
  16  1:37  Pylon, Probe (Chrono Boost)  
  17  1:46  Assimilator  
  17  1:49  Assimilator  
  17  1:50  Probe (Chrono Boost)  
  18  2:05  Probe (Chrono Boost)  
  19  2:10  Nexus  
  19  2:13  Gateway  
  19  2:16  Probe (Chrono Boost)  
  20  2:26  Probe (Chrono Boost)  
  20  2:27  Assimilator  
  22  2:37  Probe (Chrono Boost)  
  22  2:39  Pylon  
  22  2:42  Pylon  
  22  2:46  Probe (Chrono Boost)  
  23  2:55  Probe (Chrono Boost)  
  24  3:03  Probe (Chrono Boost), Cybernetics Core  
  25  3:08  Probe (Chrono Boost)  
  25  3:20  Gateway  
  25  3:28  Probe (Chrono Boost)  
  25  3:30  Probe (Chrono Boost)  
  27  3:34  Warp Gate  
  27  3:38  Gateway  
  29  3:42  Stalker  
  29  3:43  Mothership Core (Chrono Boost)  
  31  3:54  Probe (Chrono Boost)  
  31  4:01  Forge  
  30  4:05  Probe (Chrono Boost)  
  30  4:06  Probe (Chrono Boost)  
  30  4:09  Probe (Chrono Boost)  
  33  4:15  Pylon  
  33  4:20  Probe (Chrono Boost)  
  33  4:21  Probe (Chrono Boost)  
  35  4:26  Probe (Chrono Boost)  
  35  4:28  Stalker  
  35  4:29  Stalker  
  38  4:36  Probe x2 (Chrono Boost)  
  42  4:43  Probe (Chrono Boost)  
  42  4:44  Protoss Ground Weapons Level 1  
  43  4:51  Stalker  
  45  5:02  Probe (Chrono Boost)  
  45  5:03  Probe (Chrono Boost)  
  45  5:04  Probe (Chrono Boost)  
  45  5:06  Twilight Council  
  48  5:09  Pylon  
  48  5:12  Probe (Chrono Boost)  
  50  5:15  Probe (Chrono Boost)  
  50  5:16  Probe (Chrono Boost)  
  50  5:20  Pylon  
  51  5:23  Probe (Chrono Boost)  
  51  5:27  Probe (Chrono Boost)  
  53  5:37  Stalker x3  
  59  6:06  Stalker x3  
  59  6:10  Blink  
  63  6:27  Protoss Ground Weapons Level 2  
  63  6:36  Stalker x3  
  63  6:38  Probe (Chrono Boost)  
  71  6:40  Probe (Chrono Boost)  
  71  6:42  Pylon  
  71  6:45  Probe (Chrono Boost)  
  64  6:49  Probe (Chrono Boost)  
  64  6:52  Probe (Chrono Boost), Gateway  
  64  6:53  Gateway  
  61  6:54  Gateway  
  61  6:57  Probe (Chrono Boost)  
  62  7:03  Stalker x2  
  62  7:08  Probe (Chrono Boost)  
  68  7:09  Probe (Chrono Boost), Assimilator  
  68  7:13  Assimilator  
  68  7:21  Stalker  
  58  7:37  Adept x2  
  58  7:43  Probe (Chrono Boost)  
  58  7:44  Probe (Chrono Boost)  
  58  7:46  Probe (Chrono Boost)  
  58  7:50  Adept x4  
  63  7:53  Probe (Chrono Boost)  
  63  7:58  Resonating Glaives  
  62  8:04  Pylon  
  62  8:06  Pylon  
  62  8:08  Gateway  
  62  8:10  Gateway  
  62  8:13  Adept x2, Gateway  
  62  8:14  Adept x4  
  62  8:16  Pylon  
  74  8:27  Forge  
  74  8:28  Pylon  
  74  8:33  Protoss Ground Armor Level 1  
  62  8:36  Adept x4  
  62  8:37  Adept x2  
  62  8:40  Probe (Chrono Boost)  
  77  8:42  Probe x2 (Chrono Boost)  
  76  9:02  Adept  
  76  9:03  Adept x5  
  76  9:08  Pylon  
  88  9:13  Pylon  
  88  9:23  Probe (Chrono Boost)  
  88  9:24  Probe (Chrono Boost)  
  78  9:36  Probe x2 (Chrono Boost)  
  78  9:38  Stalker x4  
  56  9:39  Stalker x2  
  53  10:04  Adept x7  
  51  10:39  Adept  
  51  10:40  Adept x4  
  61  10:51  Dark Shrine  
  61  11:05  Sentry x2  
  61  11:06  Sentry x3  
  61  11:07  Sentry x3  
  77  11:31  Adept x3  
  77  11:32  Adept x3  
  73  12:20  Adept x2  
  73  12:21  Adept x7  
Tags
 
Add a new tag
Caveats
  • Supply blocks, unpowered buildings, or Contaminate may cause inaccurate times.
  • Supply counts are checked every 10 seconds.